Elbereth, lawful female human Valkyrie --- ---- |.| ... -- |.| ... .| |.| ..- .| |.| |..| -.| |.-----..| -- |.| |........| |.. |.| |.@@@....| |..--|.| |.----...| ----- ---------...|.-----.|..)...| ... -...................|..|...| -... ---------<....---.----...--+-- |..- |..........|....|....)...| |..| |...............|..#.....----..| |..)..%.........|-....{........| ---...----........--..|....#....(-------- | --.....| |....-.......--.....................| |......| --...........).....*..%-------------- --....-- --------...(---.------- --.--- --.--- --- --- --- Elbereth the Fighter Experience level: 6 Strength: 14 Dexterity: 13 Constitution: 18 Intelligence: 10 Wisdom: 11 Charisma: 8 Health: 0(65) Energy: 16(16) Def: 11 Gold: 166 Moves: 3385 Dungeon seed: 3dC61KAQSFltGtLj Game ID: Elbereth_1607582411 Your Inventory: Coins $ - 166 gold pieces Weapons a - the blessed rustproof +1 Excalibur (weapon in hand) b - a +0 dagger l - 12 +0 darts Armor e - a blessed +3 small shield (being worn) n - an uncursed +0 splint mail (being worn) q - an uncursed +0 orcish helm (being worn) r - an uncursed +0 dwarvish roundshield Comestibles c - 2 uncursed food rations u - an uncursed partly eaten food ration Scrolls p - 2 uncursed scrolls of blank paper s - 2 blessed scrolls of blank paper Rings j - an uncursed +1 ring of gain constitution (on left hand) Wands h - a blessed wand of secret door detection (0:14) t - a wand of polymorph (0:4) Spells and supernatural/magical abilities: Name Level Category Fail Memory W - pray for help -- divine ? -- Your skills at the end: Fighting Skills Weapon Skills dagger [Basic] long sword [Basic] Spellcasting Skills Final Attributes: You were piously aligned. You were cold resistant. You were level-drain resistant. You had automatic searching. You were stealthy. You are dead. Vanquished creatures: a violet fungus 5 gnome lords a gnomish wizard a gray ooze a paper golem a giant ant a homunculus a kobold lord 2 orc zombies an iguana 3 acid blobs 2 hobbits 2 large kobolds a brown mold a yellow mold 22 gnomes a gnome zombie 2 geckos 10 jackals a fox 3 kobolds a goblin 5 sewer rats 4 grid bugs 4 lichens 4 newts 81 creatures vanquished. Voluntary challenges: You were an atheist. You used a wielded weapon 104 times, starting on turn 1. You read items or engraved 4 times, starting on turn 365. You never genocided any monsters. You never polymorphed an object. You never changed form. You used no wishes. You never split a pudding. You never wrote Elbereth's name. You never violated your personal moral code. Dungeon overview: The Dungeons of Doom: levels 1 to 3 Level 1 a long staircase Level 2 stairs to The Gnomish Mines Level 3 a potion shop The Gnomish Mines: levels 3 to 5 Level 3 stairs to The Dungeons of Doom Level 4 Level 5 <- You were here a fountain, some trees History has recorded: On T:1 you entered the Dungeons of Doom to retrieve the Amulet of Yendor! On T:805 you advanced to experience level 2. On T:845 you reached level 2 of The Dungeons of Doom. On T:1139 you reached level 1 of The Gnomish Mines. On T:1143 you advanced to experience level 3. On T:1266 you advanced to experience level 4. On T:1762 you reached level 2 of The Gnomish Mines. On T:1896 you advanced to experience level 5. On T:2286 you reached level 3 of The Dungeons of Doom. On T:2948 you advanced to experience level 6. On T:3172 you reached level 3 of The Gnomish Mines. Score breakdown: Gold: 166 ( 7560 points) Experience: 6 levels (12456 points) Exploration: 5 levels ( 9.80%) ( 8485 points) Discoveries: 7 items ( 2.85%) ( 5060 points) Valuables value: (no points given unless you survive) Artifact value: 4000 (12253 points) Variety of kills: 26 monsters ( 6.82%) ( 7836 points) Turncount: 3385 turns ( -778 points) Survival: died (score multiplied by 80%) Total score: 42297 Latest messages: The watch captain swings his long sword. The watch captain misses. You hit the watch captain! You miss the watch captain. The watch captain swings his long sword. The watch captain hits! The watch captain swings his long sword. The watch captain hits! The watchman wields a spear! You hit the watch captain! The watch captain swings his long sword. The watch captain misses. The watch captain swings his long sword. The watch captain hits! The watchman thrusts her spear. The watchman hits! You miss the watch captain. The watch captain swings his long sword. The watch captain hits! The watch captain swings his long sword. The watch captain hits! You die... Final status: Farvel Elbereth the Valkyrie, killed by a watch captain... You died in The Gnomish Mines on dungeon level 5 with 42297 points, and 166 pieces of gold, after 3385 moves. You were level 6 with a maximum of 65 hit points when you died.